 Dungeon Crawl Stone Soup version 0.30-a0-618-gd6c86c23d0 (webtiles) character file.

Game seed: 12718864246425044867

81 wormed the Grave Robber (level 4, -5/30 HPs)
             Began as a Mummy Necromancer on Jan 9, 2023.
             Slain by a gnoll
             ... wielding a +0 club
              (8 damage)
             ... on level 3 of the Dungeon.
             The game lasted 00:04:17 (2762 turns).

wormed the Grave Robber (Mummy Necromancer)         Turns: 2762, Time: 00:04:17

Health: -5/30      AC:  2    Str: 11    XL:     4   Next: 20%
Magic:  1/10       EV: 12    Int: 16    God:
Gold:   123        SH:  0    Dex: 12    Spells: 7/11 levels left

rFire   x . .      SeeInvis .    c - +1 short sword
rCold   + . .      Faith    +    (no shield)
rNeg    + + +      Spirit   .    a - +0 robe
rPois   ∞          Reflect  .    d - +0 hat
rElec   .          Harm     .    (no cloak)
rCorr   .          Rampage  .    (no gloves)
Will    .....                    (no boots)
Stlth   ++                       (no amulet)
HPRegen 0.25/turn                b - ring of wizardry
MPRegen 0.12/turn                (no ring)

@: no status effects
A: cold resistance 1, negative energy resistance 3, torment resistance 2, heat
vulnerability 1, in touch with death 1, no potions, faith
a: no special abilities


You were on level 3 of the Dungeon.
You visited 1 branch of the dungeon, and saw 3 of its levels.

You collected 123 gold pieces.

Inventory:

Hand Weapons
 c - a +1 short sword (weapon)
Armour
 a - a +0 robe (worn)
 d - a +0 hat (worn)
Jewellery
 b - a ring of wizardry (left hand)
Scrolls
 f - a scroll of identify


   Skills:
 - Level 1.5 Dodging
 - Level 1.5 Stealth
 + Level 4.3 Spellcasting
 + Level 4.9 Necromancy


You had 7 spell levels left.
You knew the following spells:

 Your Spells              Type           Power      Damage    Failure   Level
a - Necrotise             Necr           100%       1d9       1%          1
b - Vampiric Draining     Necr           29%        2d8       2%          3

Your spell library contained the following spells:

 Spells                   Type           Power      Damage    Failure   Level
 Shock                    Conj/Air       12%        1d3       6%          1
 Sting                    Tmut/Pois      12%        1d3       6%          1
 Animate Dead             Necr           29%        N/A       9%          4
 Poisonous Vapours        Pois/Air       6%         N/A       10%         2
 Swiftness                Air            3%         N/A       19%         3
 Agony                    Necr           29%        N/A       24%         5
 Airstrike                Air            1%         2d(1-17)  52%         4
 Olgreb's Toxic Radiance  Pois           3%         N/A       52%         4


Dungeon Overview and Level Annotations

Branches:
Dungeon (3/15)

Altars:

Shops:
D:1 !


Innate Abilities, Weirdness & Mutations

You are immune to poison.
Your flesh is cold resistant. (rC+)
You are immune to negative energy. (rN+++)
You are immune to unholy pain and torment.
You are vulnerable to heat. (rF-)
You are in touch with the powers of death.
You do not drink.
You have a special connection with the divine. (Faith)


Message History

Confirm with . or Enter, or press ? or * to list all spells.
You don't have enough magic to cast this spell.
The gnoll hits you with a +0 club.
Casting: Vampiric Draining (dangerous; 2% risk of failure)
Confirm with . or Enter, or press ? or * to list all spells.
Aiming: Necrotise (safe; 1% risk of failure)
Press: ? - help, Shift-Dir - straight line, f - gnoll
Aim: a gnoll, wielding a +0 club and quivering stones (chance to affect: 88%)
You feel a surge of power!
The gnoll writhes in agony.
The gnoll closely misses you.
You hit the gnoll.
The gnoll is heavily wounded.
The gnoll hits you with a +0 club.
You hit the gnoll.
The gnoll is severely wounded.
The gnoll barely misses you.
Casting: Necrotise (safe; 1% risk of failure)
Confirm with . or Enter, or press ? or * to list all spells.
You don't have enough magic to cast this spell.
You closely miss the gnoll.
The gnoll is severely wounded.
The gnoll hits you with a +0 club.
You hit the gnoll but do no damage.
The gnoll is severely wounded.
The gnoll hits you with a +0 club.
* * * LOW HITPOINT WARNING * * *
Casting: Necrotise (safe; 1% risk of failure)
Confirm with . or Enter, or press ? or * to list all spells.
You don't have enough magic to cast this spell.
You barely miss the gnoll.
The gnoll is severely wounded.
The gnoll hits you with a +0 club.
* * * LOW HITPOINT WARNING * * *
Casting: Necrotise (safe; 1% risk of failure)
Confirm with . or Enter, or press ? or * to list all spells.
You don't have enough magic to cast this spell.
You hit the gnoll.
The gnoll is almost dead.
The gnoll hits you with a +0 club!
You die...

......# .# ......#
..### ......#
##+####.....
......# #..)......#
......##
#....>....#
####..g##
#[........# #.#..##
#(.†......#
#.##..###.........#
#.###.......g@....#
#.# ####.#'########
#.# #...# #.# ##..#
#.# ###..# #.#
#...># #.# #.####
#.# #.# #.# #.#


You could see a gnoll.

Vanquished Creatures
  2 gnolls (D:3)
  An adder (D:2)
  A worm (D:2)
  A dart slug (D:1)
  9 bats
  4 endoplasms
  3 giant cockroaches
  5 goblins
  4 hobgoblins
  2 jackals (D:1)
  2 quokkas (D:1)
  4 ball pythons
  A frilled lizard (D:1)
  3 kobolds
  4 rats
46 creatures vanquished.

Vanquished Creatures (collateral kills)
  A frilled lizard (D:1)
1 creature vanquished.

Grand Total: 47 creatures vanquished

Notes
Turn   | Place    | Note
-------+----------+-------------------------------------------
     0 | D:1      | wormed the Mummy Necromancer began the quest for the Orb.
     0 | D:1      | Reached XP level 1. HP: 13/13 MP: 4/4
   138 | D:1      | Found Faopeg's Distillery.
   255 | D:1      | Reached XP level 2. HP: 17/19 MP: 3/6
   964 | D:1      | Gained mutation: You are in touch with the powers of death.
                  | [Mummy growth]
   964 | D:1      | Reached XP level 3. HP: 12/24 MP: 0/8
   968 | D:1      | Learned a level 3 spell: Vampiric Draining
  2621 | D:3      | Reached XP level 4. HP: 30/30 MP: 6/10
  2762 | D:3      | Slain by a gnoll

Illustrated notes

Levels and vault maps discovered:
D:1:      spicycebolla_arrival_transporter_tutorial, layout_loops_cross,
          serial_shops, shop, nicolae_kite_square_tiling_tiny, glass_columns_b,
          minmay_shallow_snake_nest
D:2:      layout_loops_corners, hex_tiny, minmay_unequal
D:3:      layout_basic, mainiacjoe_overflow_concentric_impassable

Skill      XL: |  1  2  3 |
---------------+----------+-----
Spellcasting   | 3 4 |  4.3
Dodging        | |  1.5
Stealth        | |  1.5
Necromancy     | |  4.9

Action                   |  1- 3 |  4- 6 || total
-------------------------+-------+-------++-------
Melee: Unarmed           |     1 |       ||     1
       Short sword       |     6 |     6 ||    12
 Cast: Necrotise         |    63 |     1 ||    64
       Vampiric Draining |    15 |     5 ||    20
  Use: Scroll            |     5 |       ||     5
Armor: Robe              |    14 |       ||    14
Dodge: Dodged            |    36 |     4 ||    40

Table legend: (Time is in decaauts)
 A = Elapsed time spent in this place.
 B = Non-inter-level travel time spent in this place.
 C = Inter-level travel time spent in this place.
 D = Time resting spent in this place.
 E = Time spent auto-exploring this place.
 F = Levels seen in this place.
 G = Mean time per level.
                   A        B        C        D        E       F      G
               +--------+--------+--------+--------+--------+-----+--------+
         Total |   2764 |   2688 |     76 |      0 |   2316 |   3 |  921.3 |
       Dungeon |   2764 |   2688 |     76 |      0 |   2316 |   3 |  921.3 |
               +--------+--------+--------+--------+--------+-----+--------+

Top non-repeatable levels by time:
     D:1: 1178 daAuts
     D:2: 1154 daAuts
     D:3: 431 daAuts
